[Event "Titled Tuesday Blitz September 14 2021"]
[White "Visakh N R"]
[Black "Maly, Alexey"]
[WhiteFideId "25012223"]
[BlackFideId "14103184"]
[WhiteElo "2454"]
[BlackElo "2250"]
[Result "1/2-1/2"]
[Round "09"]
[TimeControl "180+1"]
[Date "2021.09.15"]
[WhiteClock "0:00:02"]
[BlackClock "0:00:09"]

1. d4 d5 2. c4 dxc4 3. e3 Nf6 4. Bxc4 e6 5. Nc3 a6 6. Be2 c5 7. Nf3 Nc6 8. O-O cxd4 9. exd4 Be7 10. Be3 Nb4 11. Ne5 Nbd5 12. Bg5 O-O 13. Bd3 Bd7 14. Re1 Rc8 15. Rc1 Bc6 16. Nxc6 Rxc6 17. Qf3 Nxc3 18. bxc3 Qd5 19. Qg3 Nh5 20. Bxh7+ Kxh7 21. Qd3+ Kg8 22. Bxe7 Qxg2+ 23. Kxg2 Nf4+ 24. Kg3 Nxd3 25. Bxf8 Kxf8 26. Red1 Nxc1 27. Rxc1 b5 28. Kf4 Ke7 29. Ke4 Rc4 30. Kd3 Ra4 31. Rc2 Kd6 32. f4 Kd5 33. Re2 g6 34. h4 Ra3 35. Rb2 Kc6 36. Kd2 a5 37. Kc2 b4 38. cxb4 axb4 39. Rxb4 Rxa2+ 40. Kd3 Rh2 41. Ra4 Rxh4 42. Ke3 Rh5 43. Ra7 Rf5 44. Ke4 Kd6 45. Rb7 Kc6 46. Ra7 Kb6 47. Re7 Kb5 48. Rc7 Kb4 49. Rc6 g5 50. fxg5 Rxg5 51. Rc7 Rf5 52. Rc6 Kb5 53. Rc7 Kb6 54. Rd7 Kc6 55. Re7 Rf1 56. Ra7 Kd6 57. Ra6+ Ke7 58. Ra3 Kf6 59. Re3 Rf5 60. Re2 Ke7 61. Ra2 Rb5 62. Ra7+ Kf6 63. Ra2 Rb4 64. Rf2+ Ke7 65. Rf1 f5+ 66. Ke3 Kd6 67. Ra1 Rb3+ 68. Ke2 Kd5 69. Ra6 Rb1 70. Ke3 Re1+ 71. Kd3 Rd1+ 72. Ke3 Re1+ 73. Kd3 Re4 74. Ra5+ Kd6 75. Ra8 Ke7 76. Rh8 Kf6 77. Rh6+ Kg5 78. Rh8 Kf4 79. Rh4+ Kf3 80. Rh3+ Kg4 81. Rh1 Kg5 82. Rg1+ Kf6 83. Rg8 Kf7 84. Rg1 Rh4 85. Rf1 Kf6 86. Ke3 Rh3+ 87. Ke2 Ke7 88. Ra1 Kd6 89. Ra5 Kc6 90. Re5 Kd6 91. Ra5 Rc3 92. Kd2 Rb3 93. Ke2 Rc3 94. Kd2 Rg3 95. Ke2 Rh3 96. Kd2 Ke7 97. d5 e5 98. Ra6 Kd7 99. Re6 e4 100. Rf6 Rf3 101. d6 Rd3+ 102. Ke2 Rf3 103. Kd2 Kc6 104. Ke2 Kd7 105. Kd2 1/2-1/2


[Site "https://www.chess.com"]

[Event "Titled Tuesday Blitz September 14 2021"]
[White "Yoo, Christopher Woojin"]
[Black "Djordjevic, Vuk"]
[WhiteFideId "30909694"]
[BlackFideId "902098"]
[WhiteElo "2105"]
[BlackElo "2463"]
[Result "1-0"]
[Round "09"]
[TimeControl "180+1"]
[Date "2021.09.15"]
[WhiteClock "0:00:03"]
[BlackClock "0:00:02"]

1. d4 e6 2. c4 Nf6 3. Nc3 Bb4 4. Qb3 c5 5. Nf3 O-O 6. Bg5 Nc6 7. e3 a5 8. a3 a4 9. Qc2 Bxc3+ 10. Qxc3 Qa5 11. Bd3 cxd4 12. exd4 Nxd4 13. Nxd4 Qxg5 14. O-O b6 15. Nf3 Qf4 16. Qe5 Qg4 17. h3 d6 18. Qxf6 Qxg2+ 19. Kxg2 gxf6 20. Be4 Ra5 21. Nd4 Rc5 22. Bd3 Ba6 23. Rac1 d5 24. b4 axb3 25. Nxb3 Rc7 26. cxd5 Rxc1 27. Nxc1 Bb7 28. Be4 Ra8 29. Re1 f5 30. Bf3 Rxa3 31. Ne2 Kg7 32. Nd4 Rd3 33. dxe6 Bxf3+ 34. Nxf3 fxe6 35. Rxe6 b5 36. Re5 b4 37. Rxf5 b3 38. Rb5 Kf6 39. h4 h6 40. h5 Ke6 41. Rxb3 Rd5 42. Rb6+ Kf7 43. Rxh6 Kg7 44. Rg6+ Kh8 45. Rg5 Rd6 46. Kg3 Re6 47. Nh4 Rf6 48. f4 Rc6 49. Kg4 Kh7 50. Ng6 Rc1 51. Kf5 Kh6 52. Ne5 Kh7 53. Nd7 Kh6 54. Rg2 Rc7 55. Ne5 Kh7 56. Ng4 Rf7+ 57. Nf6+ Kh8 58. Rg8# 1-0


[Site "https://www.chess.com"]

[Event "Titled Tuesday Blitz September 14 2021"]
[White "Andreikin, Dmitry"]
[Black "Langrock, Hannes"]
[WhiteFideId "4158814"]
[BlackFideId "4655290"]
[WhiteElo "2736"]
[BlackElo "2325"]
[Result "1-0"]
[Round "10"]
[TimeControl "180+1"]
[Date "2021.09.15"]
[WhiteClock "0:01:49"]
[BlackClock "0:00:28"]

1. e4 c5 2. d4 cxd4 3. Nf3 e6 4. Nxd4 Nf6 5. Nc3 Nc6 6. Nxc6 bxc6 7. e5 Nd5 8. Ne4 Qc7 9. f4 Qb6 10. c4 Bb4+ 11. Ke2 f5 12. exf6 Nxf6 13. Be3 Qd8 14. Nd6+ Bxd6 15. Qxd6 Bb7 16. Rg1 Rc8 17. g4 c5 18. Bg2 Bxg2 19. Rxg2 Qb6 20. Qxb6 axb6 21. Rd1 Ke7 22. Kf3 h6 23. f5 e5 24. h4 h5 25. g5 Ng4 26. Rgd2 Rc7 27. Bg1 Ra8 28. b3 d5 29. Rxd5 Rxa2 30. Rd6 Rb7 31. Re6+ Kf7 32. g6+ 1-0


[Site "https://www.chess.com"]

[Event "Titled Tuesday Blitz September 14 2021"]
[White "Barrionuevo, Pablo"]
[Black "Krivonosov, Oleg"]
[WhiteFideId "110566"]
[BlackFideId "11600349"]
[WhiteElo "2250"]
[BlackElo "2469"]
[Result "0-1"]
[Round "10"]
[TimeControl "180+1"]
[Date "2021.09.15"]
[WhiteClock "0:00:40"]
[BlackClock "0:00:32"]

1. c4 e6 2. Nf3 d5 3. g3 Nf6 4. Bg2 Be7 5. O-O O-O 6. d4 Nbd7 7. Nbd2 c6 8. Qc2 b6 9. e4 dxc4 10. Nxc4 Bb7 11. Rd1 c5 12. e5 Nd5 13. h4 h6 14. a3 Rc8 15. dxc5 Nxc5 16. b4 Nd7 17. Qb3 Qc7 18. Bf1 b5 19. Na5 a6 20. Nxb7 Qxb7 21. Bb2 N7b6 22. Bd4 Na4 23. Rac1 Ndc3 24. Bxc3 Qxf3 25. Bg2 Rxc3 26. Qxa4 bxa4 27. Bxf3 Rxf3 28. Rd7 Bd8 29. Kg2 Rxa3 30. Rc8 Bxh4 31. Rxf8+ Kxf8 32. gxh4 Rb3 33. Rd6 Rxb4 34. Rxa6 Rxh4 35. Kg3 Rb4 36. f4 g6 37. Kg4 Kg7 38. Kg3 g5 39. fxg5 hxg5 0-1


[Site "https://www.chess.com"]

[Event "Titled Tuesday Blitz September 14 2021"]
[White "Deac, Bogdan-Daniel"]
[Black "Suleymanli, Aydin"]
[WhiteFideId "1226380"]
[BlackFideId "13413937"]
[WhiteElo "2605"]
[BlackElo "2506"]
[Result "1-0"]
[Round "10"]
[TimeControl "180+1"]
[Date "2021.09.15"]
[WhiteClock "0:01:09"]
[BlackClock "0:00:37"]

1. e4 e6 2. d4 d5 3. Nc3 Bb4 4. Ne2 dxe4 5. a3 Be7 6. Nxe4 Nf6 7. N2g3 Nbd7 8. Bd3 c5 9. dxc5 Nxe4 10. Nxe4 Nxc5 11. Nxc5 Bxc5 12. Qg4 Qf6 13. O-O Bd7 14. Bg5 Qd4 15. Qh5 Bc6 16. Be3 1-0


[Site "https://www.chess.com"]

[Event "Titled Tuesday Blitz September 14 2021"]
[White "Demchenko, Anton"]
[Black "Stribuk, Artiom"]
[WhiteFideId "4160258"]
[BlackFideId "13515659"]
[WhiteElo "2583"]
[BlackElo "2224"]
[Result "1-0"]
[Round "10"]
[TimeControl "180+1"]
[Date "2021.09.15"]
[WhiteClock "0:00:13"]
[BlackClock "0:00:04"]

1. e4 c5 2. Nf3 Nc6 3. d4 cxd4 4. Nxd4 Nf6 5. Nc3 e5 6. Nde2 Bc5 7. Ng3 Qb6 8. Qd2 Ng4 9. Nd1 O-O 10. h3 Nf6 11. Bc4 d6 12. a3 Qc7 13. O-O Be6 14. Qd3 Rad8 15. Bg5 Ne7 16. Bb3 d5 17. Bxf6 gxf6 18. Ne3 Bxe3 19. Qxe3 Kh8 20. Nh5 Rg8 21. Nxf6 Rg6 22. Nxd5 Nxd5 23. exd5 Bxd5 24. Bxd5 Rxd5 25. Rad1 Qc6 26. Rxd5 Qxd5 27. f3 a6 28. Re1 f6 29. Re2 Qb5 30. b3 Rg7 31. Rd2 Rd7 32. Qh6 Qc5+ 33. Kh2 Rxd2 34. Qxf6+ Kg8 35. Qg5+ Kf7 36. Qxd2 Qxa3 37. Qd7+ Qe7 38. Qxe7+ Kxe7 39. Kg3 a5 40. Kf2 b5 41. Ke3 a4 42. bxa4 bxa4 43. Kd3 Kd6 44. Kc4 e4 45. fxe4 Ke5 46. Kb4 Kxe4 47. Kxa4 1-0


[Site "https://www.chess.com"]

[Event "Titled Tuesday Blitz September 14 2021"]
[White "Dvirnyy, Danyyil"]
[Black "Hindermann, Felix"]
[WhiteFideId "817570"]
[BlackFideId "1305212"]
[WhiteElo "2531"]
[BlackElo "2206"]
[Result "1-0"]
[Round "10"]
[TimeControl "180+1"]
[Date "2021.09.15"]
[WhiteClock "0:00:03"]
[BlackClock "0:00:01"]

1. c4 b6 2. e4 e6 3. Nc3 Bb7 4. g3 Bb4 5. Nge2 f5 6. d3 Nf6 7. Bg2 fxe4 8. O-O O-O 9. dxe4 e5 10. h3 Na6 11. Kh2 Nc5 12. Qc2 Ne6 13. Be3 Bc5 14. Rad1 Bxe3 15. fxe3 a5 16. Nd5 Nc5 17. b3 c6 18. Ndc3 Qe7 19. g4 g6 20. Ng3 Rf7 21. g5 Ne8 22. Rxf7 Qxf7 23. Rf1 Qe7 24. h4 Nd6 25. Rd1 Rf8 26. Qd2 Ne8 27. Rf1 Rxf1 28. Nxf1 Nd6 29. Qe2 Ba6 30. Nd2 b5 31. cxb5 Nxb5 32. Qc4+ Kg7 33. Nxb5 Bxb5 34. Qc3 a4 35. bxa4 Nxa4 36. Qc2 Qc5 37. Qxc5 Nxc5 38. Kg3 Kf7 39. Bh3 Ke7 40. Kf2 Kd6 41. Bg4 Bd3 42. Bf3 Kc7 43. Ke1 Kb6 44. Kd1 Kb5 45. Kc1 Kb4 46. Kb2 Na4+ 47. Kc1 Kc3 48. h5 Nc5 49. h6 Bc2 50. Nb1+ Bxb1 51. Kxb1 Kd2 52. Bh5 Ne6 53. Bxg6 Nxg5 54. Bf5 d6 55. a4 Kxe3 56. a5 d5 57. a6 d4 58. a7 c5 59. a8=Q c4 60. Qa6 c3 61. Kc2 Nf3 62. Qd3+ Kf2 63. Kd1 Kg3 64. Bxh7 Kf4 65. Bf5 1-0


[Site "https://www.chess.com"]

[Event "Titled Tuesday Blitz September 14 2021"]
[White "Eljanov, Pavel"]
[Black "Nozdrachev, Leonid"]
[WhiteFideId "14102951"]
[BlackFideId "24113433"]
[WhiteElo "2602"]
[BlackElo "2196"]
[Result "0-1"]
[Round "10"]
[TimeControl "180+1"]
[Date "2021.09.15"]
[WhiteClock "0:00:01"]
[BlackClock "0:00:06"]

1. e4 c6 2. Nf3 d5 3. d3 dxe4 4. dxe4 Qc7 5. Nc3 e5 6. Bc4 b5 7. Bb3 Bc5 8. O-O Nf6 9. Ne2 O-O 10. Ng3 Rd8 11. Qe2 a5 12. a4 Ba6 13. Nf5 bxa4 14. Bc4 Re8 15. Rxa4 Bb4 16. c3 Bf8 17. Bg5 Nh5 18. Rfa1 Nf4 19. Bxf4 exf4 20. Bxa6 Rxa6 21. e5 Qb6 22. Rxf4 Nd7 23. Rd1 Ra7 24. Rg4 g6 25. h4 Nf6 26. Rgd4 gxf5 27. Qd2 Ng4 28. Qg5+ Bg7 29. Rd8 Ra8 30. Rxa8 Rxa8 31. Rd2 Re8 32. Qxf5 Nxe5 33. Ng5 h6 34. Ne4 c5 35. Rd6 Qc7 36. Ra6 Qe7 37. g3 Ng6 38. Nxc5 Qe5 39. Qxe5 Rxe5 40. Rxa5 Bf8 41. b4 Bxc5 42. bxc5 Ne7 43. Ra6 Rxc5 44. Rxh6 Ng6 45. g4 Kg7 46. Rh5 Rxc3 47. Kh2 Rf3 48. Kg2 Ra3 49. Kh2 Nf4 50. Rg5+ Kf8 51. Rf5 Rh3+ 52. Kg1 Rf3 0-1


[Site "https://www.chess.com"]

[Event "Titled Tuesday Blitz September 14 2021"]
[White "Haitin, Ilja"]
[Black "Mikhailovsky, Vladimir"]
[WhiteFideId "4501764"]
[BlackFideId "34105414"]
[WhiteElo "2218"]
[BlackElo "2414"]
[Result "0-1"]
[Round "10"]
[TimeControl "180+1"]
[Date "2021.09.15"]
[WhiteClock "0:00:03"]
[BlackClock "0:01:06"]

1. Nf3 e6 2. g3 b5 3. Bg2 Bb7 4. O-O Nf6 5. a4 b4 6. d3 c5 7. e4 d5 8. a5 dxe4 9. Ng5 Be7 10. Nxe4 Nxe4 11. dxe4 Qxd1 12. Rxd1 Nd7 13. a6 Bc6 14. Nd2 O-O-O 15. Nc4 Nb6 16. Nxb6+ axb6 17. Rxd8+ Rxd8 18. Bf4 c4 19. a7 Kb7 20. Bb8 Ka8 21. e5 Bxg2 22. Kxg2 Rd2 23. Ra6 Bc5 24. Bd6 Bxf2 25. Kf3 Rxc2 26. Bxb4 Rxb2 27. Bc3 Rc2 28. Ra3 Bc5 29. Ra1 Rxc3+ 30. Ke4 g5 31. Re1 b5 32. h4 h6 33. hxg5 hxg5 34. g4 b4 35. Re2 b3 36. Rd2 Re3# 0-1


[Site "https://www.chess.com"]

[Event "Titled Tuesday Blitz September 14 2021"]
[White "Halkias, Stelios"]
[Black "Chigaev, Maksim"]
[WhiteFideId "4201809"]
[BlackFideId "4108116"]
[WhiteElo "2575"]
[BlackElo "2610"]
[Result "0-1"]
[Round "10"]
[TimeControl "180+1"]
[Date "2021.09.15"]
[WhiteClock "0:00:14"]
[BlackClock "0:00:16"]

1. e4 c5 2. Nf3 e6 3. d4 cxd4 4. Nxd4 Nc6 5. Nc3 Qc7 6. Be3 a6 7. Nxc6 bxc6 8. Qf3 Bd6 9. O-O-O Be5 10. Bd4 Bxd4 11. Rxd4 d5 12. Qg3 Qxg3 13. hxg3 Nf6 14. e5 Nd7 15. f4 h6 16. Be2 Ke7 17. Bf3 a5 18. Re1 Ba6 19. Rdd1 h5 20. Rh1 g6 21. Rh2 Rab8 22. Rdh1 Rhg8 23. Rh4 Rb4 24. a3 Rb7 25. g4 g5 26. Rxh5 gxf4 27. Re1 Rbb8 28. b3 Rh8 29. Be2 Rxh5 30. gxh5 Bxe2 31. Nxe2 f3 32. Nd4 Nxe5 33. gxf3 c5 34. f4 Nd3+ 35. cxd3 cxd4 36. Kb2 Kf6 37. Rg1 Kf5 38. Rg7 f6 39. h6 Rh8 40. h7 Kxf4 41. b4 axb4 42. axb4 e5 43. b5 e4 44. b6 e3 45. b7 e2 46. Re7 Kf3 47. Kc2 Rxh7 48. Rxh7 e1=Q 49. b8=Q Qc3+ 50. Kb1 Qxd3+ 51. Kb2 Qxh7 52. Qd6 Qf5 53. Qc5 Qe5 54. Kc2 Qe2+ 55. Kb3 Qc4+ 56. Qxc4 dxc4+ 57. Kxc4 Ke3 0-1


[Site "https://www.chess.com"]

[Event "Titled Tuesday Blitz September 14 2021"]
[White "Hansen, Eric"]
[Black "Kobalia, Mikhail"]
[WhiteFideId "2606771"]
[BlackFideId "4119150"]
[WhiteElo "2568"]
[BlackElo "2626"]
[Result "1-0"]
[Round "10"]
[TimeControl "180+1"]
[Date "2021.09.15"]
[WhiteClock "0:00:04"]
[BlackClock "0:00:02"]

1. Nf3 d5 2. g3 c6 3. Bg2 Bg4 4. O-O Nf6 5. d3 Nbd7 6. Nbd2 e5 7. e4 Bc5 8. h3 Bh5 9. Qe1 O-O 10. Nh4 dxe4 11. dxe4 a5 12. Ndf3 a4 13. Nf5 Qb6 14. Kh2 Rfe8 15. N3h4 Nf8 16. Bg5 N6d7 17. b3 Ne6 18. Qd2 Nxg5 19. Qxg5 Bg6 20. Qd2 axb3 21. axb3 Rxa1 22. Rxa1 Nf8 23. Rf1 Ne6 24. Qe2 Rd8 25. Kg1 Qb4 26. Rd1 Rxd1+ 27. Qxd1 Qc3 28. Bf3 Nd4 29. Nxd4 Bxd4 30. Kg2 b5 31. Qe2 Qc5 32. Bg4 Kf8 33. Bf5 Qc3 34. Bxg6 hxg6 35. Nf3 f6 36. Ne1 c5 37. Nf3 c4 38. bxc4 Qxc4 39. Qd1 g5 40. h4 g4 41. Nh2 Bc5 42. Qd8+ Kf7 43. Qd7+ Be7 44. Qxg4 Qxc2 45. h5 b4 46. Qg6+ Kf8 47. Ng4 Bc5 48. h6 gxh6 49. Qxf6+ Ke8 50. Qxe5+ Kd8 51. Qf6+ Kc8 52. Qc6+ Kb8 53. Ne3 1-0


[Site "https://www.chess.com"]

[Event "Titled Tuesday Blitz September 14 2021"]
[White "Ibrahimli, Murad"]
[Black "Nesterov, Arseniy"]
[WhiteFideId "13410229"]
[BlackFideId "24198455"]
[WhiteElo "2109"]
[BlackElo "2494"]
[Result "0-1"]
[Round "10"]
[TimeControl "180+1"]
[Date "2021.09.15"]
[WhiteClock "0:00:09"]
[BlackClock "0:00:10"]

1. d4 d5 2. Nf3 Nf6 3. c4 c6 4. Nc3 dxc4 5. a4 a5 6. e4 Bg4 7. Bxc4 e6 8. Be2 Bb4 9. Qd3 Nbd7 10. O-O O-O 11. Bf4 Qe7 12. e5 Nd5 13. Nxd5 cxd5 14. Ng5 Bf5 15. Qe3 Rac8 16. g4 Bg6 17. h4 h6 18. h5 Bc2 19. Nf3 f6 20. exf6 Qxf6 21. Bg3 Be4 22. Ne5 Nxe5 23. Bxe5 Qh4 24. f3 Qh3 25. Rf2 Rc2 26. Rh2 Rxe2 27. Qxe2 Qxf3 28. Qxf3 Rxf3 29. Rf2 Rh3 30. Rh2 Rd3 31. Rc1 Bd2 32. Rc8+ Kf7 33. Rf2+ Ke7 34. Rc7+ Ke8 35. Bf4 Be1 36. Re2 Bb4 37. Rxg7 Rxd4 38. Bxh6 Rd1+ 39. Kf2 Bc5+ 40. Kg3 Rg1+ 41. Kh4 Rh1+ 42. Kg5 Be7+ 43. Kf4 Bd6+ 44. Ke3 Bc5+ 45. Kd2 Bb4+ 46. Ke3 Bc5+ 47. Kf4 Bd6+ 48. Kg5 Be7+ 49. Rxe7+ Kxe7 50. Bg7 Kd6 51. h6 e5 52. Rf2 d4 53. Rf6+ Kd5 54. Rf7 d3 55. Rd7+ Ke6 56. Rd8 Ke7 57. Bf6+ Ke6 58. Re8+ Kd7 59. Rd8+ Ke6 60. Bg7 Bd5 61. Re8+ Kd6 62. Bxe5+ Kd7 63. Rf8 d2 64. Bf6 d1=Q 65. Rd8+ Ke6 66. Kg6 Qd3+ 67. Kg7 Qe4 68. Re8+ Kd7 69. Rxe4 Bxe4 70. g5 Ke6 71. g6 Rg1 72. h7 Rxg6+ 73. Kf8 Rxf6+ 74. Ke8 Bxh7 0-1


[Site "https://www.chess.com"]

[Event "Titled Tuesday Blitz September 14 2021"]
[White "Jobava, Baadur"]
[Black "Kezin, Roman"]
[WhiteFideId "13601520"]
[BlackFideId "24124621"]
[WhiteElo "2731"]
[BlackElo "2570"]
[Result "1-0"]
[Round "10"]
[TimeControl "180+1"]
[Date "2021.09.15"]
[WhiteClock "0:00:21"]
[BlackClock "0:00:05"]

1. e4 c5 2. d4 cxd4 3. c3 dxc3 4. Nxc3 Nc6 5. Nf3 e6 6. Bc4 a6 7. O-O Nge7 8. Re1 Ng6 9. e5 Be7 10. g3 O-O 11. h4 f6 12. exf6 Bxf6 13. Bg5 h6 14. Qd3 Nce5 15. Nxe5 Nxe5 16. Rxe5 hxg5 17. Rae1 Bxe5 18. Rxe5 Qf6 19. f4 gxf4 20. Rh5 fxg3 21. Qh7+ Kf7 22. Rf5 d5 23. Rxf6+ Kxf6 24. Bd3 Bd7 25. Qg6+ Ke7 26. Qxg7+ Kd6 27. Qxg3+ e5 28. h5 Rf4 29. Be2 d4 30. Qg6+ Be6 31. Ne4+ Kd5 32. Nf6+ Kd6 33. h6 Rf8 34. h7 Rh4 35. Ne4+ Kd5 36. Ng5 Bf5 37. Qg8+ 1-0


[Site "https://www.chess.com"]

[Event "Titled Tuesday Blitz September 14 2021"]
[White "Kamsky, Gata"]
[Black "Nakamura, Hikaru"]
[WhiteFideId "2000024"]
[BlackFideId "2016192"]
[WhiteElo "2603"]
[BlackElo "2884"]
[Result "0-1"]
[Round "10"]
[TimeControl "180+1"]
[Date "2021.09.15"]
[WhiteClock "0:00:01"]
[BlackClock "0:00:04"]

1. d4 f5 2. Nc3 d5 3. Bf4 Nf6 4. e3 a6 5. Nf3 e6 6. Bd3 c5 7. dxc5 Bxc5 8. O-O O-O 9. Ne2 Nc6 10. c4 Nb4 11. a3 Nxd3 12. Qxd3 a5 13. Rfd1 b6 14. cxd5 Nxd5 15. Be5 Ba6 16. Qd2 Qe7 17. Ned4 Rac8 18. Nb3 Bd6 19. Bxd6 Qxd6 20. Rac1 Rxc1 21. Rxc1 Rd8 22. Nbd4 Ne7 23. Qc2 Rc8 24. Qb1 Rxc1+ 25. Qxc1 e5 26. Nb3 Qd5 27. Nbd2 Nc6 28. h4 h6 29. Qc3 Be2 30. Ne1 Kf7 31. f3 Qc5 32. Qxc5 bxc5 33. Nb3 c4 34. Nc1 Bd1 35. Na2 g6 36. Nc3 Bb3 37. g3 Ke6 38. f4 e4 39. Kf2 Ne7 40. Ke2 Ng8 41. Kf2 Nf6 42. Ke2 Nh5 43. Kf2 Nf6 44. Ke2 Kd7 45. Kf2 Kc6 46. Ke2 Kc5 47. Ng2 Bc2 48. Kf2 Bd3 49. Ke1 Kc6 50. Kf2 Ng4+ 51. Ke1 Kc5 52. Na4+ Kd6 53. Nc3 Kc6 54. Kd2 Nf2 55. h5 gxh5 56. Nh4 Nh1 57. Nxf5 Bf1 58. Ke1 Bh3 59. Nxh6 Nxg3 60. Kf2 h4 61. Nf7 Bf5 62. Ng5 Kd6 63. Kg2 Ke7 64. Kf2 Kf6 65. Kg2 Kg6 66. Nb5 Ne2 67. Nd6 c3 68. bxc3 Nxc3 69. Nc4 Kh5 0-1


[Site "https://www.chess.com"]

[Event "Titled Tuesday Blitz September 14 2021"]
[White "Karpeshov, Oleg"]
[Black "Dobrov, Vladimir"]
[WhiteFideId "4106814"]
[BlackFideId "4136594"]
[WhiteElo "2354"]
[BlackElo "2614"]
[Result "1-0"]
[Round "10"]
[TimeControl "180+1"]
[Date "2021.09.15"]
[WhiteClock "0:00:17"]
[BlackClock "0:00:03"]

1. Nf3 d5 2. e3 Nf6 3. c4 c6 4. Nc3 e6 5. b3 Bd6 6. Bb2 O-O 7. Qc2 e5 8. cxd5 cxd5 9. Nb5 Nc6 10. Nxd6 Qxd6 11. Bb5 e4 12. Nd4 Ne5 13. h3 Bd7 14. Be2 Rac8 15. Qb1 h5 16. Bc3 h4 17. Qb2 Rfe8 18. a3 b6 19. Rg1 a5 20. g3 hxg3 21. Rxg3 g6 22. O-O-O Kg7 23. Rdg1 Rh8 24. Kb1 Rce8 25. Nb5 Bxb5 26. Bxb5 Re7 27. Rg5 Rh5 28. Rxh5 Nxh5 29. Rg5 f6 30. Rg1 Kf7 31. Be2 Ng7 32. h4 Nf5 33. h5 g5 34. Rc1 Rc7 35. Rh1 Kg7 36. b4 axb4 37. Bxb4 Qe6 38. Rc1 Nc4 39. Bxc4 dxc4 40. Rg1 Kh7 41. Bc3 Rf7 42. Ka1 Kh6 43. Rb1 Kxh5 44. Qxb6 Qd5 45. Rb5 Qd7 46. Qc5 Kg6 47. a4 Qe8 48. Rb4 Qe6 49. Qxc4 Qxc4 50. Rxc4 Re7 51. a5 Re6 52. Kb2 Ne7 53. Rc5 Kh5 54. Kb3 Kg4 55. Kb4 Kf3 56. Kb5 Kxf2 57. a6 Rxa6 58. Kxa6 f5 59. Re5 g4 60. Rxe7 g3 61. Rg7 g2 62. Kb5 g1=Q 63. Rxg1 1-0


[Site "https://www.chess.com"]

[Event "Titled Tuesday Blitz September 14 2021"]
[White "Keymer, Vincent"]
[Black "Timmermans, Mark"]
[WhiteFideId "12940690"]
[BlackFideId "1026399"]
[WhiteElo "2524"]
[BlackElo "2460"]
[Result "1-0"]
[Round "10"]
[TimeControl "180+1"]
[Date "2021.09.15"]
[WhiteClock "0:00:43"]
[BlackClock "0:00:17"]

1. Nf3 Nf6 2. c4 e6 3. Nc3 d5 4. e3 dxc4 5. Bxc4 a6 6. a4 c5 7. b3 Be7 8. Bb2 O-O 9. O-O Nc6 10. Qb1 Nd5 11. Rd1 Na5 12. Qe4 Nxc4 13. bxc4 Nf6 14. Qc2 b6 15. a5 Bb7 16. axb6 Bxf3 17. gxf3 Qxb6 18. Rab1 Qc6 19. Ne4 Nxe4 20. Qxe4 Qxe4 21. fxe4 a5 22. Bc3 a4 23. Rb7 Bh4 24. Ra1 Ra6 25. Ra3 Re8 26. f4 Be7 27. Kf2 Bf8 28. Kf3 Rc8 29. Rb5 f6 30. Ra5 Rxa5 31. Bxa5 Ra8 32. Rxa4 Kf7 33. Ra1 f5 34. Bc3 Rxa1 35. Bxa1 g6 36. d3 Ke8 37. Bb2 Kd7 38. Ba3 Kc6 39. d4 Bd6 40. e5 Be7 41. e4 Bf8 42. h3 Be7 43. d5+ 1-0


[Site "https://www.chess.com"]

[Event "Titled Tuesday Blitz September 14 2021"]
[White "Khanin, Semen"]
[Black "Lashkin, Jegor"]
[WhiteFideId "4111990"]
[BlackFideId "13907808"]
[WhiteElo "2449"]
[BlackElo "2293"]
[Result "1-0"]
[Round "10"]
[TimeControl "180+1"]
[Date "2021.09.15"]
[WhiteClock "0:00:07"]
[BlackClock "0:00:01"]

1. e4 c5 2. c3 d5 3. exd5 Qxd5 4. Nf3 Nf6 5. Na3 Nc6 6. Bc4 Qd8 7. O-O e6 8. d4 cxd4 9. Nb5 Bc5 10. Bf4 O-O 11. cxd4 Be7 12. Bc7 Qe8 13. Ne5 Nxe5 14. dxe5 Nd5 15. Bd6 Bd7 16. Bxd5 Bxb5 17. Bxb7 Bxf1 18. Bxa8 Qxa8 19. Qxf1 Bxd6 20. exd6 Qb8 21. Rd1 Qxb2 22. d7 Rd8 23. Qc4 Qb8 24. h4 h5 25. Qc5 g6 26. Qe7 Qc7 27. a4 a5 28. g3 Kg7 29. Rd4 e5 30. Rd5 Kg8 31. Qxe5 Qxe5 32. Rxe5 Rxd7 33. Rxa5 Rd1+ 34. Kg2 Ra1 35. Kf3 Ra2 36. Ra8+ Kg7 37. a5 f6 38. a6 g5 39. Ke3 gxh4 40. gxh4 Kh7 41. f3 Kg7 42. Ke4 Ra5 43. Kd4 Kg6 44. Kc4 Kf5 45. Kb4 Ra1 46. Kb5 Rb1+ 47. Kc6 Rc1+ 48. Kb6 Rb1+ 49. Ka7 Rb4 50. Rb8 Rxh4 51. Rb5+ Kg6 52. Kb6 Ra4 53. a7 Rxa7 54. Kxa7 h4 55. f4 h3 56. Rb3 Kf5 57. Rxh3 Kxf4 58. Kb6 f5 59. Kc5 Ke4 60. Rh8 f4 61. Kc4 Ke3 62. Kc3 Ke2 63. Kc2 1-0


[Site "https://www.chess.com"]

[Event "Titled Tuesday Blitz September 14 2021"]
[White "Khusnutdinov, Rustam"]
[Black "Bluebaum, Matthias"]
[WhiteFideId "13701703"]
[BlackFideId "24651516"]
[WhiteElo "2571"]
[BlackElo "2681"]
[Result "1-0"]
[Round "10"]
[TimeControl "180+1"]
[Date "2021.09.15"]
[WhiteClock "0:00:04"]
[BlackClock "0:00:16"]

1. d4 Nf6 2. c4 e6 3. Nc3 d5 4. Nf3 Nbd7 5. cxd5 exd5 6. Bg5 h6 7. Bh4 c6 8. e3 Be7 9. Bd3 O-O 10. Qc2 Re8 11. O-O-O b5 12. Kb1 a5 13. g4 a4 14. g5 hxg5 15. Nxg5 Nb6 16. Rhg1 b4 17. Bh7+ Kf8 18. Nxf7 Kxf7 19. Qg6+ Ke6 20. Qf5+ Kf7 21. Qg6+ Ke6 22. Qf5+ Kf7 23. Rxg7+ Kxg7 24. Rg1+ Kf7 25. Qg6+ Ke6 26. Qf5+ Kf7 27. Bg6+ Kf8 28. Qf4 Bd6 29. Qh6+ Ke7 30. Qg7+ Ke6 31. Qf7# 1-0


[Site "https://www.chess.com"]

[Event "Titled Tuesday Blitz September 14 2021"]
[White "Kovalev, Vladislav"]
[Black "Sadhwani, Raunak"]
[WhiteFideId "13504398"]
[BlackFideId "35093487"]
[WhiteElo "2573"]
[BlackElo "2517"]
[Result "0-1"]
[Round "10"]
[TimeControl "180+1"]
[Date "2021.09.15"]
[WhiteClock "0:00:02"]
[BlackClock "0:00:10"]

1. e4 c6 2. Nf3 d5 3. d3 dxe4 4. dxe4 Qxd1+ 5. Kxd1 Nd7 6. Nbd2 e5 7. a4 Bc5 8. Ke1 f6 9. Bc4 a5 10. Ke2 Nb6 11. Bb3 Nh6 12. Ne1 Nf7 13. Nd3 Be7 14. f3 Nd8 15. Nc4 Nxc4 16. Bxc4 Be6 17. Bxe6 Nxe6 18. Be3 Kd7 19. Rhd1 Kc7 20. g3 Rad8 21. c3 h5 22. f4 exf4 23. gxf4 g6 24. Rg1 Rhg8 25. Raf1 b5 26. axb5 cxb5 27. f5 gxf5 28. Rxf5 Rxg1 29. Bxg1 Rg8 30. Be3 Kc6 31. Rxh5 a4 32. Kf3 Rd8 33. Rd5 Rxd5 34. exd5+ Kxd5 35. h4 Kc4 36. Ke2 Ng7 37. Kd2 Kb3 38. Kc1 a3 39. bxa3 Kxc3 40. Nf4 Bxa3+ 41. Kd1 Kc4 42. h5 Nf5 43. Bd2 Bf8 44. Ke2 Bh6 45. Ne6 Ng3+ 46. Kf3 Bxd2 47. Kxg3 b4 0-1


[Site "https://www.chess.com"]